 Dungeon Crawl Stone Soup version 0.30-a0-702-gdf48620a09 (webtiles) character file.

Game seed: 12161014789286864511

0 flotson the Sneak (level 1, 0/18 HPs)
             Began as a Demonspawn Delver on Jan 21, 2023.
             Slain by a hound (4 damage)
             ... on level 5 of the Dungeon.
             The game lasted 00:00:17 (33 turns).

flotson the Sneak (Demonspawn Delver)                 Turns: 33, Time: 00:00:18

Health: 0/18       AC:  3    Str: 12    XL:     1   Next: 0%
Magic:  1/1        EV: 11    Int: 11    God:
Gold:   0          SH:  0    Dex: 14    Spells: 0/0 levels left

rFire   . . .      SeeInvis .    a - +0 hand axe
rCold   . . .      Faith    .    (no shield)
rNeg    . . .      Spirit   .    b - +0 leather armour
rPois   .          Reflect  .    (no helmet)
rElec   .          Harm     .    (no cloak)
rCorr   .          Rampage  .    (no gloves)
Will    .....                    (no boots)
Stlth   ++                       (no amulet)
HPRegen 0.23/turn                (no ring)
MPRegen 0.07/turn                (no ring)

@: hasted, very quick
A: no striking features
a: no special abilities


You were on level 5 of the Dungeon.
You visited 1 branch of the dungeon, and saw 1 of its levels.

Inventory:

Hand Weapons
 a - a +0 hand axe (weapon)
Armour
 b - a +0 leather armour (worn)
Wands
 g - a wand of digging (3)
Scrolls
 c - a scroll of fog
 d - a scroll of magic mapping
 e - a scroll of fear
Potions
 h - a potion of curing {unknown}


   Skills:
 + Level 3.0 Fighting
 + Level 1.7 Axes
 + Level 0.0 Armour
 + Level 1.7 Dodging
 + Level 4.5 Stealth
 + Level 0.0 Evocations


You couldn't memorise any spells.
You didn't know any spells.
Your spell library was empty.

Dungeon Overview and Level Annotations

Branches:
Dungeon (5/15)
 Temple: D:4-7

Altars:


Message History

Welcome, flotson the Demonspawn Delver.
A smirking vizier told you that the Orb of Zot is just within this dungeon.
Press ? for a list of commands and other information.
Found a fizzy brown potion.
Found a stone staircase leading down.
Unknown command.
Unknown command.
h - a fizzy brown potion
Found a stone staircase leading down.
Found a helmet.
Found 2 fizzy brown potions and 10 gold pieces.
A hound comes into view.
The hound barks!
You feel yourself speed up.
You miss the hound. The hound bites you.
You barely miss the hound. The hound bites you.
A shadow imp comes into view.
You barely miss the hound. The hound bites you but does no damage.
The hound bites you.
The shadow imp shouts!
You hit the hound.
The hound is lightly wounded.
The hound bites you.
You barely miss the hound.
The hound is lightly wounded.
The hound bites you but does no damage.
You closely miss the hound.
The hound is lightly wounded.
The hound bites you.
* * * LOW HITPOINT WARNING * * *
You closely miss the hound.
The hound is lightly wounded.
The hound bites you but does no damage.
You hit the hound.
The hound is heavily wounded.
The hound bites you.
* * * LOW HITPOINT WARNING * * *
You closely miss the hound.
The hound is heavily wounded.
The hound bites you.
You die...

♣....#####
♣.......>###
#..........#
#.........# .
#.........# ...
#.........#
....###....##.###
....5.[....##.#######
......h@...##.......#
..........###.##.#.⌠.
.........!# #.# .P
####.....$###.# ♣§P
#......##..# P
#......#..##
########.## #.......#
#.......#


You could see a hound and a shadow imp.

Vanquished Creatures (others)
  2 demonic plants (D:5)
2 creatures vanquished.

Notes
Turn   | Place    | Note
-------+----------+-------------------------------------------
     0 | D:5      | flotson the Demonspawn Delver began the quest for the Orb.
     0 | D:5      | Reached XP level 1. HP: 18/18 MP: 1/1
    21 | D:5      | Noticed a hound
    33 | D:5      | Slain by a hound

Illustrated notes

Levels and vault maps discovered:
D:5:      layout_basic, serial_demonic, serial_demonic_g, serial_demonic_f,
          serial_demonic_g, serial_demonic_d, serial_demonic_e,
          serial_demonic_g, serial_demonic_e, serial_demonic_d

Action                   || total
-------------------------++-------
Melee: Hand axe          ||     9
  Use: Potion            ||     1
Armor: Leather armour    ||     3

Table legend: (Time is in decaauts)
 A = Elapsed time spent in this place.
 B = Non-inter-level travel time spent in this place.
 C = Inter-level travel time spent in this place.
 D = Time resting spent in this place.
 E = Time spent auto-exploring this place.
 F = Levels seen in this place.
 G = Mean time per level.
                   A        B        C        D        E       F      G
               +--------+--------+--------+--------+--------+-----+--------+
         Total |     31 |     31 |      0 |      0 |     15 |   1 |   31.0 |
       Dungeon |     31 |     31 |      0 |      0 |     15 |   1 |   31.0 |
               +--------+--------+--------+--------+--------+-----+--------+

Top non-repeatable levels by time:
     D:5: 31 daAuts
